 Dungeon Crawl Stone Soup version 0.30-a0-881-g1ff12e1e11 (webtiles) character file.

Game seed: 16034364956414164788

2004 bmack86 the Cleaver (level 9, -1/79 HPs)
             Began as a Minotaur Fighter on Mar 15, 2023.
             Slain by an orc warrior
             ... wielding a +0 spear
              (8 damage)
             ... in a bailey.
             The game lasted 00:14:27 (4321 turns).

bmack86 the Cleaver (Minotaur Fighter)              Turns: 4321, Time: 00:14:28

Health: -1/79      AC: 18    Str: 26    XL:     9   Next: 2%
Magic:  8/8        EV:  7    Int:  5    God:
Gold:   333        SH:  7    Dex:  9    Spells: 8/8 levels left

rFire   . . .      SeeInvis .    a - +1 war axe
rCold   . . .      Faith    .    v - +2 buckler
rNeg    . . .      Spirit   .    k - +0 plate armour
rPois   .          Reflect  .    (helmet restricted)
rElec   .          Rampage  .    q - +0 cloak
rCorr   .                        (no gloves)
Will    +....                    (no boots) Stlth
                                 j - amulet of regeneration
HPRegen 1.13/turn                r - ring of willpower
MPRegen 0.11/turn                n - +4 ring of protection

@: mighty, studying Fighting
A: horns 2, retaliatory headbutt
a: no special abilities


You were in a bailey.
You visited 1 branch of the dungeon, and saw 7 of its levels.
You also visited: Bailey.

You collected 333 gold pieces.

Inventory:

Hand Weapons
 a - a +1 war axe (weapon)
Missiles
 s - 5 poisoned darts (quivered)
 y - 2 boomerangs
Armour
 k - a +0 plate armour (worn)
 q - a +0 cloak (worn)
 v - a +2 buckler (worn)
Jewellery
 e - a ring of resist corrosion
 j - an amulet of regeneration (around neck)
 n - a +4 ring of protection (right hand)
 r - a ring of willpower (left hand)
 A - an amulet of guardian spirit
 C - a ring of magical power
Scrolls
 f - a scroll of butterflies
 g - 3 scrolls of fog
 m - a scroll of blinking
 p - a scroll of fear
 u - a scroll of teleportation
Potions
 b - a potion of lignification {unknown}
 c - 2 potions of brilliance
 d - a potion of might
 h - 2 potions of curing
 i - a potion of invisibility
 l - a potion of heal wounds
 o - a potion of cancellation
 t - a potion of degeneration {unknown}
 w - a potion of magic {unknown}
 x - a potion of flight {unknown}
 z - 3 potions of attraction
 B - 2 potions of berserk rage {unknown}


   Skills:
 + Level 7.0 Fighting
 * Level 9.0 Axes
 + Level 3.3 Throwing
 + Level 7.0 Armour
 + Level 6.9 Shields


You had 8 spell levels left.
You didn't know any spells.
Your spell library contained the following spells:

 Spells                   Type           Power      Damage    Failure   Level
 Static Discharge         Conj/Air       0%         2-2/arc   100%        2
 Vhi's Electric Charge    Tloc/Air       0%         N/A       100%        3
 Manifold Assault         Tloc           0%         N/A       100%        4
 Arcjolt                  Conj/Air       0%         1d10      100%        5
 Lightning Bolt           Conj/Air       0%         1d11      100%        5
 Dispersal                Tloc           0%         N/A       100%        6
 Disjunction              Tloc           0%         N/A       100%        8


Dungeon Overview and Level Annotations

Branches:
Dungeon (7/15)             Bailey (1/1)
 Temple: D:4-7

Altars:
Ashenzari
Elyvilon
Gozag
Hepliaklqana
Makhleb
Sif Muna
Trog
Vehumet
Wu Jian
Xom
Yredelemnul


Innate Abilities, Weirdness & Mutations

You have a pair of horns on your head.
You reflexively headbutt those who attack you in melee.


Message History

You headbutt the orc warrior, but do no damage.
The orc warrior is heavily wounded.
The orc warrior closely misses you.
The orc warrior hits you but does no damage. x2
You block the orc's attack.
The orc warrior shouts!
You slash the orc warrior!
You headbutt the orc warrior, but do no damage.
The orc warrior is severely wounded.
You hear a shout!
You block the orc warrior's attack. The orc warrior barely misses you.
The orc warrior closely misses you. The orc hits you but does no damage.
An orc warrior comes into view. It is wielding a +0 spear.
The orc warrior shouts!
The orc shouts!
The orc warrior hits you from afar with a +0 glaive!
The orc warrior hits you with a +0 spear.
The orc warrior hits you from afar with a +0 glaive.
The orc knight roars a battlecry!
The orcs go into a battle-frenzy!
The orc barely misses you. x2
An orc comes into view. It is wielding a +0 trident.
Sorry, you're not good enough to have a special ability.
You feel very mighty all of a sudden. You block the orc warrior's attack.
The orc warrior barely misses you.
The orc warrior sings a few bars from the Orcish anthem.
The orc warrior barely misses you. The orc hits you but does no damage.
The orc hits you from afar with a +0 trident!
The orc attacks as you move away! The orc hits you with a +0 trident!
The orc warrior attacks as you move away!
The orc warrior hits you with a +0 spear!
You block the orc warrior's attack.
The orc warrior hits you from afar with a +0 spear.
The orc warrior hits you from afar with a +0 glaive!!
* * * LOW HITPOINT WARNING * * *
The orc hits you from afar with a +0 trident.
* * * LOW HITPOINT WARNING * * *
You slash the orc warrior!
You kill the orc warrior!
The orc warrior hits you from afar with a +0 spear!
You die...

.....#...≈≈≈≈.....##
...##...≈≈≈≈..♣♣...
#..#....≈ ≈..♣....
#8.#...######......
#..#...............
#..'...............
#..'.......).......
#.)#....)..........
#8@#...######......
#..#....≈≈≈≈.......
.oo..ooo##.♣.≈≈≈≈..♣....
..oo..oo.#...≈≈≈≈.....##
#######.$#..♣≈≈≈≈..♣.##
####..♣≈≈≈≈≈...#
#....♣♣≈≈≈≈≈.♣# ##..♣♣
≈≈≈≈≈♣ #### ######


You could see 4 orc warriors and 3 orcs.

Vanquished Creatures
  Grinder (D:3)
  An ice beast (D:6)
  2 orc warriors (Bailey)
  2 ogres
  4 bullfrogs
  A gnoll sergeant (D:6)
  3 scorpions
  4 wights (D:6)
  A howler monkey (D:5)
  A hound (D:6)
  A jelly (D:7)
  2 gnoll boudas (D:5)
  Crazy Yiuf (D:3)
  Jessica (D:2)
  2 orc wizards
  A sleepcap (D:6)
  4 iguanas
  6 adders
  12 gnolls
  2 shadow imps
  A white imp (D:6)
  3 ufetubi
  4 worms
  7 dart slugs
  12 orcs
  11 endoplasms
  5 giant cockroaches
  7 goblins
  8 hobgoblins
  9 jackals
  3 quokkas
  5 ball pythons
  4 bats
  6 frilled lizards
  10 kobolds
  7 rats
154 creatures vanquished.

Notes
Turn   | Place    | Note
-------+----------+-------------------------------------------
     0 | D:1      | bmack86 the Minotaur Fighter began the quest for the Orb.
     0 | D:1      | Reached XP level 1. HP: 19/19 MP: 0/0
   176 | D:1      | Reached XP level 2. HP: 25/27 MP: 1/1
   213 | D:1      | Reached skill level 3 in Axes
   488 | D:1      | Reached XP level 3. HP: 29/33 MP: 2/2
  1070 | D:2      | Reached XP level 4. HP: 40/40 MP: 3/3
  1150 | D:2      | Noticed Jessica
  1155 | D:2      | Killed Jessica
  1156 | D:2      | Reached skill level 4 in Axes
  1890 | D:3      | Noticed Grinder
  1915 | D:3      | Killed Grinder
  1916 | D:3      | Reached skill level 5 in Axes
  1916 | D:3      | Reached skill level 5 in Armour
  1916 | D:3      | Reached XP level 5. HP: 36/47 MP: 4/4
  1916 | D:3      | Reached XP level 6. HP: 43/55 MP: 5/5
  2113 | D:3      | Identified the +9 spear of Doom {freeze, rN+ Str+2 Int+3}
  2151 | D:3      | Reached skill level 5 in Shields
  2253 | D:3      | Found a runed translucent door.
  2254 | D:3      | Noticed Crazy Yiuf
  2261 | D:3      | Killed Crazy Yiuf
  2262 | D:3      | Reached skill level 5 in Fighting
  2578 | D:4      | Reached skill level 6 in Axes
  2649 | D:4      | Reached XP level 7. HP: 40/61 MP: 6/6
  2796 | D:4      | Found an ornate altar of the Wu Jian Council.
  2854 | D:4      | Found a shimmering blue altar of Sif Muna.
  3026 | D:5      | Entered Level 5 of the Dungeon
  3146 | D:5      | Reached skill level 1 in Throwing
  3296 | D:5      | Reached skill level 7 in Axes
  3677 | D:6      | Found a burning altar of Makhleb.
  3682 | D:6      | Reached XP level 8. HP: 66/70 MP: 7/7
  3682 | D:6      | Found a basalt altar of Yredelemnul.
  3682 | D:6      | Found a white marble altar of Elyvilon.
  3691 | D:6      | Found a shimmering altar of Xom.
  3692 | D:6      | Found a hazy altar of Hepliaklqana.
  3721 | D:6      | Reached skill level 8 in Axes
  3837 | D:6      | Found a radiant altar of Vehumet.
  4197 | D:6      | Found an opulent altar of Gozag.
  4198 | D:6      | Found a bloodstained altar of Trog.
  4198 | D:6      | Found a broken altar of Ashenzari.
  4240 | D:7      | Found a flagged portal.
  4265 | Bailey   | Entered a bailey
  4283 | Bailey   | Reached skill level 9 in Axes
  4283 | Bailey   | Reached XP level 9. HP: 72/79 MP: 8/8
  4314 | Bailey   | Noticed an orc knight
  4321 | Bailey   | Slain by an orc warrior

Illustrated notes

Levels and vault maps discovered:
D:1:      lemuel_arrival_cross, layout_basic, minmay_three_crescents
D:2:      layout_basic, serial_glass, glass_columns_a, glass_columns_b,
          glass_columns_a, glass_columns_a, glass_columns_a,
          chequers_serial_rivers_room_a, uniq_jessica
D:3:      layout_basic, uniq_crazy_yiuf_cottage, uniq_grinder
D:4:      layout_rooms, lemuel_round_altar, mainiacjoe_overflow_cross_hatched,
          st_stairs_1
D:5:      layout_loops_cross
D:6:      layout_rooms, grunt_temple_overflow_open, nicolae_vehumet_altar_sigil,
          gammafunk_temple_overflow_claw, minmay_manual_maat
D:7:      kennysheep_big_flooded_room, layout_rooms, lemuel_tele_altar,
          temple_hall, enter_bailey_1, serial_shops, nicolae_diamond_shop,
          grunt_decor_mini_mirrors, grunt_ministairs_6
Bailey:   bailey_polearm_elven_captive_hellmonk, bailey

Skill      XL: |  1  2  3  4  5  6  7  8 |
---------------+-------------------------+-----
Axes           | 3 5 6 7 9 |  9.0
Armour         | 4 5 6 7 |  7.0
Shields        | 4 5 6 |  6.9
Fighting       | 4 5 7 |  7.0
Throwing       | 1 3 |  3.3

Action                     |  1- 3 |  4- 6 |  7- 9 || total
---------------------------+-------+-------+-------++-------
  Melee: War axe           |    67 |   117 |   175 ||   359
         Headbutt          |    10 |    15 |    29 ||    54
  Throw: Dart              |       |       |     3 ||     3
    Use: Scroll            |     5 |     3 |     6 ||    14
         Potion            |       |       |     2 ||     2
 Armour: Scale mail        |    42 |       |       ||    42
         Plate armour      |    14 |   111 |   150 ||   275
  Dodge: Dodged            |    39 |    38 |    70 ||   147
  Block: Buckler           |    20 |    23 |    48 ||    91

Table legend: (Time is in decaauts)
 A = Elapsed time spent in this place.
 B = Non-inter-level travel time spent in this place.
 C = Inter-level travel time spent in this place.
 D = Time resting spent in this place.
 E = Time spent auto-exploring this place.
 F = Levels seen in this place.
 G = Mean time per level.
                   A        B        C        D        E       F      G
               +--------+--------+--------+--------+--------+-----+--------+
         Total |   4405 |   4316 |     89 |    127 |   2602 |   8 |  550.6 |
       Dungeon |   4348 |   4259 |     89 |    127 |   2577 |   7 |  621.1 |
        Bailey |     56 |     56 |      0 |      0 |     25 |   1 |   56.0 |
               +--------+--------+--------+--------+--------+-----+--------+

Top non-repeatable levels by time:
     D:1: 970 daAuts
     D:3: 901 daAuts
     D:2: 716 daAuts
     D:5: 649 daAuts
     D:6: 567 daAuts
     D:4: 499 daAuts
  Bailey: 56 daAuts
     D:7: 45 daAuts
